 Dungeon Crawl Stone Soup version 0.30.1-4-g462c640d31 (webtiles) character file.

Game seed: 16837046576990587485

53 Almogavar the Trooper (level 3, -7/34 HPs)
             Began as a Hill Orc Fighter on Aug 19, 2023.
             Mangled by a gnoll
             ... wielding a +0 halberd
              (14 damage)
             ... on level 2 of the Dungeon.
             The game lasted 00:02:08 (1058 turns).

Almogavar the Trooper (Hill Orc Fighter)            Turns: 1058, Time: 00:02:08

Health: -7/34      AC:  6    Str: 20    XL:     3   Next: 89%
Magic:  3/3        EV:  9    Int:  8    God:
Gold:   65         SH:  4    Dex: 10    Spells: 2/2 levels left

rFire   . . .        a - +0 war axe
rCold   . . .        c - +0 buckler
rNeg    . . .        b - +0 scale mail
rPois   .            (no helmet)
rElec   .            (no cloak)
rCorr   .            (no gloves)
SInv    .            (no boots)
Will    .....        (no amulet) Stlth
                     (no ring)
HPRegen 0.25/turn    (no ring)
MPRegen 0.08/turn

%: no passive effects
@: no status effects
A: no striking features
a: no special abilities


You were on level 2 of the Dungeon.
You visited 1 branch of the dungeon, and saw 2 of its levels.

You collected 65 gold pieces.

Inventory:

Hand Weapons
 a - a +0 war axe (weapon)
Armour
 b - a +0 scale mail (worn)
 c - a +0 buckler (worn)
Scrolls
 e - a scroll of vulnerability {unknown}
 f - a scroll of fog {unknown}
 i - a scroll of identify {unknown}
Potions
 d - a potion of might
 g - a potion of curing {unknown}
 h - a potion of invisibility {unknown}


   Skills:
 + Level 4.3 Fighting
 + Level 3.7 Axes
 + Level 3.5 Armour
 + Level 3.8 Shields


You had 2 spell levels left.
You didn't know any spells.
Your spell library contained the following spells:

 Spells                   Type           Power      Damage    Failure   Level
 Cigotuvi's Dreadful Rot  Necr/Pois/Air  0%         N/A       92%         2
 Ignite Poison            Fire/Tmut/Pois 0%         N/A       99%         3
 Freezing Cloud           Conj/Ice/Air   0%         6-21      100%        5


Dungeon Overview and Level Annotations

Branches:
Dungeon (2/15)

Altars:


Message History

You closely miss the bat. The bat misses you. You block the bat's attack.
You hit the bat.
You kill the bat!
No target in view!
A hobgoblin comes into view.
The hobgoblin shouts!
Found a sling.
You block the hobgoblin's attack.
You barely miss the hobgoblin. The hobgoblin hits you.
You closely miss the hobgoblin.
The hobgoblin hits you but does no damage.
You barely miss the hobgoblin.
The hobgoblin hits you but does no damage.
You closely miss the hobgoblin. You block the hobgoblin's attack.
The hobgoblin hits you.
You slash the hobgoblin!
You kill the hobgoblin!
No target in view!
You now have 65 gold pieces (gained 14).
A gnoll comes into view. It is wielding a +0 halberd.
The gnoll shouts!
A gnoll is nearby!
A gnoll comes into view. It is wielding a +0 spear.
The gnoll shouts!
You hear a shout! x2
A gnoll comes into view. It is wielding a +0 whip.
The gnoll hits you but does no damage.
Found 12 gold pieces.
Found a stone staircase leading down.
A gnoll comes into view. It is wielding a +0 spear.
Found 5 stones.
The gnoll shouts!
You block the gnoll's attack. The gnoll hits you with a +0 whip.
The gnoll hits you with a +0 spear. The gnoll attacks as you move away!
The gnoll barely misses you. The gnoll closely misses you. x2
You block the gnoll's attack. The gnoll hits you with a +0 spear.
The gnoll hits you with a +0 whip. The gnoll hits you with a +0 halberd.
* * * LOW HITPOINT WARNING * * *
The gnoll attacks as you move away! The gnoll hits you with a +0 halberd!
You die...

.....>##
#.......###
#.#.......#
#.#..#..#.#
#.......#g#
#.#.##..#.#
#.....gg#.#####.
#...@gg.....$(
####.##########.
#.# #........#
##.###........#
##...##........#
##.....#........#
#................
#..............##
.
#....)..........#
.


You could see 4 gnolls.

Vanquished Creatures
  A gnoll (D:1)
  An adder (D:2)
  A dart slug (D:1)
  3 bats (D:2)
  5 endoplasms
  A giant cockroach (D:1)
  2 goblins (D:1)
  2 hobgoblins
  2 quokkas (D:1)
  2 ball pythons (D:1)
  6 frilled lizards
  4 kobolds
  3 rats
33 creatures vanquished.

Notes
Turn   | Place    | Note
-------+----------+-------------------------------------------
     0 | D:1      | Almogavar the Hill Orc Fighter began the quest for the Orb.
     0 | D:1      | Reached XP level 1. HP: 19/19 MP: 1/1
   189 | D:1      | Reached XP level 2. HP: 22/27 MP: 2/2
   458 | D:1      | Reached skill level 4 in Fighting
   479 | D:1      | Reached XP level 3. HP: 33/33 MP: 3/3
  1058 | D:2      | Mangled by a gnoll

Illustrated notes

Levels and vault maps discovered:
D:1:      saegor_arrival_simple_a, layout_loops_ring, st_stairs_2
D:2:      layout_loops_cross

Skill      XL: |  1  2 |
---------------+-------+-----
Axes           | 3 |  3.7
Fighting       | 4 |  4.3
Armour         | |  3.5
Shields        | |  3.8

Action                     || total
---------------------------++-------
  Melee: War axe           ||   101
 Armour: Scale mail        ||    38
  Dodge: Dodged            ||    45
  Block: Buckler           ||    26
